 Dungeon Crawl Stone Soup version 0.27.1-1-g398f81649c (webtiles) character file.

Game seed: 11504992880527650982

4133 Thatpatchoflichen the Blocker (level 10, -7/90 HPs)
             Began as a Minotaur Fighter on Sept 11, 2021.
             Was an Elder of the Shining One.
             Mangled by an orc knight (14 damage)
             ... in a bailey.
             The game lasted 00:25:33 (8792 turns).

Thatpatchoflichen the Blocker (Minotaur Fighter)    Turns: 8792, Time: 00:25:34

Health: -7/90      AC: 12    Str: 22    XL:     10   Next: 6%
Magic:  10/10      EV: 17    Int:  5    God:    the Shining One [****..]
Gold:   506        SH: 19    Dex: 18    Spells: 9/9 levels left

rFire    . . .     SeeInvis .   a - +1 trident
rCold    . . .     Faith    .   c - +0 kite shield
rNeg     + + .     Spirit   .   y - +2 scale mail {rPois}
rPois    +         Reflect  .   (helmet restricted)
rElec    .         Harm     .   I - +0 cloak
rCorr    .         Rampage  .   (no gloves)
Will     .....                  s - +0 pair of boots
Stlth    ..........             (no amulet)
HPRegen  0.25/turn              e - +6 ring of dexterity
MPRegen  0.12/turn              J - +4 ring of evasion

@: divinely shielded, glowing
A: horns 2, retaliatory headbutt
a: Renounce Religion, Divine Shield, Cleansing Flame


You were in a bailey.
You worshipped the Shining One.
The Shining One was greatly pleased with you.
You visited 2 branches of the dungeon, and saw 9 of its levels.
You also visited: Ossuary and Bailey.

You collected 506 gold pieces.

Inventory:

Hand Weapons
 a - a +1 trident (weapon)
 t - a +1 dagger of speed
 u - a +1 dagger of venom
 K - a +2 spear
Missiles
 g - 14 boomerangs (quivered)
 j - 218 stones
 o - 28 bolts
 q - 50 arrows
 w - 19 poisoned darts
 F - 2 javelins
Armour
 c - a +0 kite shield (worn)
 s - a +0 pair of boots (worn)
 y - a +2 scale mail of poison resistance (worn)
 I - a +0 cloak (worn)
Jewellery
 e - a +6 ring of dexterity (left hand)
 J - a +4 ring of evasion (right hand)
Wands
 v - a wand of acid (4)
 A - a wand of mindburst (25)
 C - a wand of flame (20)
Scrolls
 f - 5 scrolls of identify {unknown}
 h - 6 scrolls of teleportation {unknown}
 i - 4 scrolls of amnesia {unknown}
 l - 3 scrolls of magic mapping {unknown}
 m - 3 scrolls of enchant weapon
 p - 2 scrolls of vulnerability {unknown}
 z - a scroll of immolation {unknown}
 D - 3 scrolls of blinking {unknown}
 E - a scroll of fog {unknown}
Potions
 b - a potion of resistance {unknown}
 d - 4 potions of might
 k - 7 potions of curing
 n - 3 potions of invisibility {unknown}
 r - 5 potions of heal wounds {unknown}
 x - 3 potions of degeneration {unknown}
 G - a potion of mutation {unknown}
 H - a potion of brilliance {unknown}


   Skills:
 + Level 8.7 Fighting
 + Level 7.0 Polearms
 - Level 7.0 Armour
 + Level 7.8 Dodging
 + Level 9.6 Shields
 + Level 2.1 Invocations


You had 9 spell levels left.
You didn't know any spells.
Your spell library contained the following spells:

 Spells                   Type           Power      Damage    Failure   Level
 Animate Skeleton         Necr           0%         N/A       94%         1
 Apportation              Tloc           0%         N/A       94%         1
 Corona                   Hex            0%         N/A       94%         1
 Shock                    Conj/Air       0%         1d3       94%         1
 Summon Small Mammal      Summ           0%         N/A       94%         1
 Sublimation of Blood     Necr           0%         N/A       98%         2
 Wereblood                Tmut           0%         N/A       98%         2
 Portal Projectile        Hex/Tloc       0%         N/A       100%        3
 Swiftness                Air            0%         N/A       100%        3
 Airstrike                Air            0%         N/A       100%        4
 Blade Hands              Tmut           0%         N/A       100%        5
 Excruciating Wounds      Necr           0%         N/A       100%        5
 Summon Hydra             Summ           0%         N/A       100%        7


Dungeon Overview and Level Annotations

Branches:
Dungeon (8/15)             Temple (1/1) D:6         Ossuary (visited)
 Bailey (1/1)
   Lair: D:8-11

Altars:
Ashenzari
Cheibriados
Dithmenos
Elyvilon
Fedhas
Gozag
Hepliaklqana
Kikubaaqudgha
Makhleb
Nemelex Xobeh
Okawaru
Qazlal
Ru
Sif Muna
Trog
Uskayaw
Wu Jian
Xom
The Shining One

Annotations:
D:6 Sigmund


Innate Abilities, Weirdness & Mutations

You have a pair of horns on your head.
You reflexively headbutt those who attack you in melee.


Message History

The orc knight is lightly wounded.
The orc knight barely misses you.
You hit the orc knight but do no damage.
You headbutt the orc knight, but do no damage.
The orc knight is lightly wounded.
The orc knight misses you.
You hit the orc knight but do no damage.
The orc knight is lightly wounded.
The orc knight barely misses you.
You completely miss the orc knight.
The orc knight is lightly wounded.
The orc knight hits you with a +0 glaive!
You barely miss the orc knight.
You headbutt the orc knight, but do no damage.
The orc knight is lightly wounded.
The orc knight hits you with a +0 glaive!
You hit the orc knight but do no damage.
The orc knight is lightly wounded.
You block the orc knight's attack. The orc knight misses you.
You block the orc knight's attack.
Your shield is strengthened by the Shining One's divine power.
You block the orc knight's attack.
You hit the orc knight but do no damage.
Your headbutt misses the orc knight.
The orc knight hits you with a +0 glaive!
You hit the orc knight but do no damage.
You block the orc knight's attack.
You barely miss the orc knight.
You headbutt the orc knight, but do no damage.
The orc knight hits you with a +0 glaive!!
* * * LOW HITPOINT WARNING * * *
You hit the orc knight but do no damage.
The orc knight barely misses you. You block the orc knight's attack.
The orc knight hits you from afar with a +0 glaive.
* * * LOW HITPOINT WARNING * * *
Why would you want to do that?
The orc knight hits you from afar with a +0 glaive!
You die...

##.##..≈≈.....≈≈ ##..≈≈.#
#...#'..≈≈≈≈≈≈≈. ##..≈.#
.....##......... $$.##.≈.#
######## #####.≈.# .......##
#####..≈.# ≈≈≈≈≈≈..##
#######≈≈≈≈≈≈≈.# .....≈≈..##
##...##.........#
####..≈≈..###.o≈..##.########
##..≈≈.....≈≈@..##...####
##..≈≈≈≈≈≈≈..#######..∩##
##.........## ####=#
########### ###


You could see an orc knight.

Vanquished Creatures
  Pikel (D:3)
  A hornet (D:8)
  2 wyverns
  The ghost of AttackTheMoon the Magician, an amateur GnWz (D:4)
  Duvessa (D:7)
  A necrophage (D:4)
  2 orc warriors (Bailey)
  2 ice beasts (D:6)
  4 sky beasts
  A hornet zombie (D:4)
  A centaur (D:6)
  2 elf zombies (Ossuary)
  A phantom (D:4)
  A kobold brigand (D:4)
  A bullfrog (D:7)
  4 scorpions
  A water moccasin zombie (D:5)
  Dowan (D:7)
  4 wights (D:8)
  4 howler monkeys
  3 human zombies (Ossuary)
  A bullfrog skeleton (D:5)
  A centaur zombie (Ossuary)
  An orc priest (D:5)
  A hound (D:7)
  Crazy Yiuf (D:7)
  A gnoll shaman (D:6)
  A jelly (D:3)
  Ijyb (D:3)
  2 iguanas (D:5)
  4 orc wizards
  A killer bee zombie (D:5)
  A hound zombie (Ossuary)
  4 mummies
  Robin (D:2)
  A howler monkey zombie (D:7)
  15 gnolls
  3 howler monkey skeletons
  4 adders
  3 white imps
  2 adder skeletons (D:4)
  5 adder zombies (Ossuary)
  2 worms (D:2)
  A dart slug (D:1)
  19 orcs
  7 bats
  6 endoplasms
  4 giant cockroaches
  3 gnoll zombies (Ossuary)
  18 goblins
  6 hobgoblins
  5 kobolds
  5 quokkas
  8 ball pythons
  3 frilled lizards
  2 goblin zombies (Ossuary)
  A hobgoblin zombie (Ossuary)
  3 jackal zombies (Ossuary)
  2 kobold zombies (Ossuary)
  An orc zombie (Ossuary)
  5 quokka zombies (Ossuary)
  6 rats
  7 rat zombies (Ossuary)
207 creatures vanquished.

Notes
Turn   | Place    | Note
-------+----------+-------------------------------------------
     0 | D:1      | Thatpatchoflichen the Minotaur Fighter began the quest for
                  | the Orb.
     0 | D:1      | Reached XP level 1. HP: 19/19 MP: 0/0
   110 | D:1      | Reached XP level 2. HP: 25/27 MP: 1/1
   410 | D:1      | Reached skill level 1 in Dodging
   501 | D:1      | Reached XP level 3. HP: 24/33 MP: 2/2
   678 | D:1      | Reached skill level 4 in Shields
   828 | D:2      | You fall into a shaft and drop 1 floor!
  1286 | D:2      | Found a faded altar of an unknown god.
  1339 | D:2      | Found a hide-covered altar of Uskayaw.
  1626 | D:3      | Noticed Robin
  1647 | D:3      | Reached XP level 4. HP: 14/40 MP: 3/3
  1654 | D:3      | HP: 1/40 [goblin[Robin] (5)]
  1664 | D:2      | Killed Robin
  2020 | D:3      | Noticed a scorpion
  2027 | D:3      | Killed a scorpion
  2028 | D:3      | Reached XP level 5. HP: 43/47 MP: 4/4
  2172 | D:3      | Noticed Ijyb
  2177 | D:3      | Killed Ijyb
  2482 | D:3      | Found a blossoming altar of Fedhas.
  2533 | D:3      | Reached XP level 6. HP: 43/55 MP: 5/5
  3015 | D:4      | Reached skill level 5 in Fighting
  3015 | D:4      | Reached skill level 5 in Armour
  3015 | D:4      | Reached skill level 5 in Shields
  3241 | D:4      | Noticed Pikel
  3281 | D:3      | Killed Pikel
  3282 | D:3      | Reached skill level 5 in Polearms
  3282 | D:3      | Reached XP level 7. HP: 15/62 MP: 6/6
  3571 | D:4      | Found a runed translucent gate.
  3571 | D:4      | Found a runed translucent gate.
  3571 | D:4      | Found a runed translucent gate.
  3571 | D:4      | Noticed AttackTheMoon's ghost (amateur GnWz)
  3586 | D:4      | Reached skill level 6 in Shields
  3874 | D:5      | Entered Level 5 of the Dungeon
  4228 | D:5      | Found an opulent altar of Gozag.
  4418 | D:5      | Reached XP level 8. HP: 61/70 MP: 7/7
  4527 | D:5      | Reached skill level 5 in Dodging
  5096 | D:6      | Found a sparkling altar of Nemelex Xobeh.
  5421 | D:6      | Reached skill level 7 in Shields
  5541 | D:6      | Noticed Sigmund
  6086 | D:6      | Reached XP level 9. HP: 78/81 MP: 8/8
  6169 | D:4      | Reached skill level 8 in Shields
  6203 | D:4      | Killed AttackTheMoon's ghost
  6428 | D:6      | Found a staircase to the Ecumenical Temple.
  6442 | Temple   | Entered the Ecumenical Temple
  6636 | Temple   | Became a worshipper of the Shining One
  7002 | D:7      | Reached skill level 9 in Shields
  7057 | D:7      | Found a sand-covered staircase.
  7067 | Ossuary  | Entered an ossuary
  7117 | Ossuary  | Reached * piety under the Shining One
  7187 | Ossuary  | Reached ** piety under the Shining One
  7311 | Ossuary  | Reached *** piety under the Shining One
  7628 | D:7      | Noticed Duvessa
  7628 | D:7      | Noticed Dowan
  7633 | D:7      | Killed Dowan
  7644 | D:7      | Killed Duvessa
  7953 | D:7      | Found a runed translucent door.
  7954 | D:7      | Noticed Crazy Yiuf
  7960 | D:7      | Killed Crazy Yiuf
  8111 | D:8      | Reached skill level 1 in Invocations
  8269 | D:8      | Reached **** piety under the Shining One
  8280 | D:8      | Reached XP level 10. HP: 77/90 MP: 10/10
  8290 | D:8      | Found a flagged portal.
  8298 | Bailey   | Entered a bailey
  8644 | Bailey   | Identified the +7 plate armour of the Will of the Gods
                  | {Str+3 Int+4 Dex+2}
  8644 | Bailey   | Noticed an orc knight
  8701 | Bailey   | Noticed an orc knight
  8792 | Bailey   | Mangled by an orc knight

Illustrated notes

Levels and vault maps discovered:
D:1:      eino_arrival_tree_alley, layout_loops_ring, roderic_roman_lattice
D:2:      minmay_door_path, layout_basic, basic_altar,
          dreamdust_ecumenical_altar_statues, chequers_garden,
          minmay_stone_trees_small
D:3:      layout_loops_ring, general_overflow_altar, uniq_robin, uniq_ijyb
D:4:      layout_basic, gammafunk_ghost_split, uniq_pikel
D:5:      layout_basic, grunt_gozag_statues
D:6:      layout_loops_ring, nemelex_spade_bored_becter,
          minmay_temple_entry_hall, dk_vineyard_3, uniq_sigmund
D:7:      layout_basic, gup_ossuary_entry_pyramid, uniq_crazy_yiuf_cottage,
          uniq_duvessa
D:8:      layout_basic, enter_bailey_3
Temple:   regret_index_temple_waves
Bailey:   bailey_polearm_1, bailey

Skill      XL: |  1  2  3  4  5  6  7  8  9 10 |
---------------+-------------------------------+-----
Dodging        | 1 2 3 4 6 7 |  7.8
Fighting       | 4 5 6 7 8 |  8.7
Shields        | 4 5 6 7 9 |  9.6
Polearms       | 3 4 5 6 7 |  7.0
Armour         | 4 5 6 7 |  7.0
Invocations    | 2 |  2.1

Action                   |  1- 3 |  4- 6 |  7- 9 | 10-12 || total
-------------------------+-------+-------+-------+-------++-------
Melee: Trident           |   109 |    95 |   389 |    57 ||   650
       Headbutt          |    25 |    30 |   100 |     7 ||   162
       Dagger            |       |     2 |       |       ||     2
Invok: Divine Shield     |       |       |       |     1 ||     1
  Use: Scroll            |       |       |     1 |       ||     1
Armor: Scale mail        |    45 |    27 |   138 |    12 ||   222
Dodge: Dodged            |    36 |    35 |   166 |    47 ||   284
Block: Kite shield       |    85 |    54 |   243 |    55 ||   437
